 Dungeon Crawl Stone Soup version 0.22-a0-456-g11ed031 (webtiles) character file.

88 iamserjio the Bolt Thrower (level 4, 0/29 HPs)
             Began as a Halfling Hunter on June 6, 2018.
             Slain by a phantom (7 damage)
             ... on level 4 of the Dungeon.
             The game lasted 00:04:31 (1983 turns).

iamserjio the Bolt Thrower (Halfling Hunter)        Turns: 1983, Time: 00:04:32

Health: 0/29       AC:  4    Str: 14    XL:     4   Next: 82%
Magic:  4/4        EV: 14    Int:  9    God:
Gold:   138        SH:  0    Dex: 14    Spells: 3/3 levels left

rFire    . . .     SeeInvis .   n - +2 dagger (venom)
rCold    . . .     Gourm    .   (shield restricted)
rNeg     . . .     Faith    .   c - +0 leather armour
rPois    .         Spirit   .   (no helmet)
rElec    .         Reflect  .   (no cloak)
rCorr    .         Harm     .   (no gloves)
MR       .....                  p - +0 pair of boots
Stlth    +.........             (no amulet)
HPRegen  0.09/turn              (no ring)
MPRegen  0.09/turn              (no ring)

@: lethally poisoned (0 -> -1)
A: small, mutation resistance 1
a: no special abilities


You were on level 4 of the Dungeon.
You were not hungry.

You visited 1 branch of the dungeon, and saw 4 of its levels.

You collected 138 gold pieces.

Inventory:

Hand Weapons
 a - a +1 hand crossbow
 b - a +0 short sword
 i - a +0 dagger
 n - a +2 dagger of venom (weapon)
Missiles
 d - 33 bolts
 m - 18 poisoned needles
Armour
 c - a +0 leather armour (worn)
 p - a +0 pair of boots (worn)
Scrolls
 g - a scroll of teleportation {unknown}
 j - a scroll of fear {unknown}
 k - a scroll of enchant armour {unknown}
 q - 2 scrolls of remove curse {unknown}
Potions
 e - 2 potions of curing {unknown}
 h - 2 potions of agility {unknown}
 l - 3 potions of flight {unknown}
 o - a potion of ambrosia {unknown}
 r - a potion of brilliance {unknown}
 s - a potion of lignification {unknown}
Comestibles
 f - 4 rations
 t - 4 chunks of flesh


   Skills:
 - Level 2.0 Fighting
 + Level 1.8 Short Blades
 * Level 5.4 Crossbows
 + Level 2.2 Armour
 - Level 2.1 Dodging
 - Level 1.1 Stealth


You had 3 spell levels left.
You didn't know any spells.
Your spell library was empty.

Dungeon Overview and Level Annotations

Branches:
Dungeon (4/15)
 Temple: D:4-7

Altars:

Annotations:
D:3 Zorot's ghost, amateur OpGl


Innate Abilities, Weirdness & Mutations

You are small and have problems with some larger weapons.
You are somewhat resistant to further mutation.


Message History

The phantom is lightly damaged.
The phantom completely misses you.
You closely miss the phantom.
The phantom is lightly damaged.
You feel sick. The phantom hits you.
* * * LOW HITPOINT WARNING * * *
You hit the phantom but do no damage.
The phantom is lightly damaged.
The phantom barely misses you.
You hit the phantom but do no damage.
The phantom is lightly damaged.
You hit the phantom but do no damage.
The phantom is lightly damaged.
The phantom blinks!
The ogre barely misses you.
You feel sick.
The phantom blinks!
You hit the phantom.
The phantom is lightly damaged.
The phantom hits you!
You die...

##.### .#..... .#..#.# .#..#.#
.#..#.#########
##.#.....%O......
#..##.#.########.
###.####.###>#.#
#.....W@.O...#.#
#.#.####†#####.# ##.#.##
#.#####.#
#########........#...##.#
.....<.......####.##.##.#
.#######........#.##.##.# .#
#.....##.#.##.##.# .##
#...###.........#######
..#######.............#........


You could see a phantom and an ogre.

Vanquished Creatures
  2 worker ants (D:4)
  2 leopard geckos
  2 orcs (D:4)
  A giant cockroach (D:4)
  7 goblins
  4 hobgoblins
  3 jackals (D:1)
  4 bats
  6 frilled lizards
  3 kobolds
  4 rats
38 creatures vanquished.

Notes
Turn   | Place    | Note
-------+----------+-------------------------------------------
     0 | D:1      | iamserjio the Halfling Hunter began the quest for the Orb.
     0 | D:1      | Reached XP level 1. HP: 14/14 MP: 1/1
   276 | D:1      | Reached XP level 2. HP: 19/19 MP: 2/2
   278 | D:1      | Reached skill level 1 in Armour
   716 | D:1      | Reached XP level 3. HP: 24/24 MP: 3/3
  1528 | D:3      | Reached skill level 1 in Short Blades
  1686 | D:3      | Noticed Zorot's ghost (amateur OpGl)
  1786 | D:4      | Reached skill level 5 in Crossbows
  1786 | D:4      | Reached XP level 4. HP: 28/29 MP: 4/4
  1942 | D:4      | Noticed a phantom
  1966 | D:4      | Noticed an ogre
  1983 | D:4      | Slain by a phantom

Vault maps used:
D:1:      sevenhm_arrival_forest_fort_large_2
D:2:      hangedman_decor_clover_reticule
D:3:      dancing_weapons_uskayaw
D:4:      kennysheep_mini_moat, lemuel_coloured_pillars_altar,
          minmay_temple_entry_from_below_a, portal_sewer_entry_c, uniq_natasha

Skill      XL: |  1  2  3  4 |
---------------+-------------+-----
Fighting       | 2 |  2.0
Armour         | 1 2 |  2.2
Short Blades   | 1 |  1.8
Crossbows      | 5 |  5.4
Dodging        | |  2.1
Stealth        | |  1.1

Action                   |  1- 3 |  4- 6 || total
-------------------------+-------+-------++-------
Melee: Short sword       |    86 |       ||    86
       Dagger            |     7 |    28 ||    35
 Fire: Hand crossbow     |    21 |       ||    21
 Stab: Sleeping          |     1 |       ||     1
  Eat: Chunk             |     1 |     2 ||     3
Armor: Leather armour    |    30 |     1 ||    31
Dodge: Dodged            |    89 |    18 ||   107

Table legend:
 A = Spawn XP
 B = Non-spawn XP
 C = Spawn XP percentage of total XP
 D = Spawn monster count
 E = Non-spawn monster count
 F = Spawn count percentage of total count
 G = Total turns spent on level
                    A         B        C        D         E        F      G
               +---------+---------+-------+---------+---------+-------+---------
         Total |       0 |     127 |   0.0 |       0 |      38 |   0.0 |  1983
               +---------+---------+-------+---------+---------+-------+---------
           D:1 |       0 |      32 |   0.0 |       0 |      20 |   0.0 |   901
           D:2 |       0 |      14 |   0.0 |       0 |      10 |   0.0 |   619
           D:3 |       0 |       2 |   0.0 |       0 |       1 |   0.0 |   248
           D:4 |       0 |      79 |   0.0 |       0 |       7 |   0.0 |   215
               +---------+---------+-------+---------+---------+-------+---------
